Map: Port Aleksander LE

Players

Piroxiljin - Winner!

  • Race: Terran Terran
  • Spawn Location: 11:00

VOD

Have the link to the VOD?

Description

Time

  • Played on: Feb. 4, 2019, 10:24 a.m.
  • Length: 17:29
Show
View Real Time Build Order
Export as new Build Order

Piroxiljin Terran - Winner!

Build Orders:  

Get SALT Encoding   

  12  0:01  SCV  
  3  0:20  SCV  
  14  0:31  Supply Depot  
  14  0:36  SCV  
  15  1:01  SCV  
  15  1:06  Barracks  
  16  1:16  Refinery  
  16  1:18  SCV  
  17  1:35  SCV  
  18  2:01  SCV, Supply Depot  
  19  2:17  Marine  
  20  2:43  Barracks Tech Lab  
  20  3:04  Orbital Command  
  20  3:05  Refinery  
  20  3:14  Factory  
  20  3:18  Marauder  
  22  3:57  SCV  
  23  4:25  Factory  
  23  4:27  Barracks Tech Lab  
  23  4:42  SCV  
  24  4:54  Siege Tank  
  24  4:59  SCV  
  28  5:08  Concussive Shells  
  28  5:16  SCV, Marauder, Siege Tank  
  31  5:33  Supply Depot  
  31  5:44  SCV  
  32  6:14  Siege Tank  
  35  6:32  Engineering Bay  
  35  6:34  Barracks Tech Lab  
  35  6:40  Supply Depot  
  35  6:48  Cyclone  
  35  6:49  Command Center  
  38  6:59  Siege Tank  
  41  7:15  Marauder  
  43  7:30  Siege Tank  
  43  7:31  Siege Tank x2  
  43  7:38  Armory  
  43  7:51  Cyclone  
  46  8:31  Command Center  
  46  8:32  Siege Tank x3  
  46  9:25  Cyclone  
  46  9:26  Cyclone  
  52  9:34  Siege Tank  
  52  9:55  Marine  
  43  10:10  Siege Tank  
  43  10:11  Siege Tank  
  49  10:20  Marine  
  49  10:45  Marine  
  50  10:58  Siege Tank x2  
  51  11:10  Marine  
  49  11:22  Orbital Command  
  49  11:30  SCV  
  50  11:47  SCV  
  48  12:04  SCV  
  49  12:21  SCV  
  47  12:38  SCV, Marine  
  47  12:39  Siege Tank  
  49  12:40  Siege Tank x2  
  49  12:45  SCV  
  53  13:02  SCV  
  53  13:03  Marine  
  53  13:05  Factory  
  55  13:25  Siege Tank  
  55  13:28  Marine  
  49  14:23  Siege Tank x2  
  49  14:26  Marauder  
  57  14:31  SCV  
  57  14:36  Refinery  
  57  14:38  Refinery  
  58  14:48  SCV, Supply Depot  
  58  14:49  SCV  
  60  14:51  Supply Depot  
  60  14:53  Supply Depot  
  60  14:56  Marauder, Supply Depot  
  62  15:05  SCV  
  62  15:06  SCV  
  64  15:22  SCV  
  64  15:23  SCV  
  64  15:26  Marauder  
  68  15:46  Siege Tank  
  68  15:55  Marine  
  67  16:20  Marine  
Tags
 
Add a new tag
Caveats
  • Supply blocks, unpowered buildings, or Contaminate may cause inaccurate times.
  • Supply counts are checked every 10 seconds.